 Dungeon Crawl Stone Soup version 0.18-a0-316-gf882de5 (webtiles) character file.

4960 FishmanTm the Nimble (level 10, -4/85 HPs)
             Began as a Merfolk Transmuter on Nov 27, 2015.
             Was an Elder of Cheibriados.
             Slain by a two-headed ogre
             ... wielding a +2 dire flail of protection
              (11 damage)
             ... while paralysed by Erolcha
             ... on level 8 of the Dungeon.
             The game lasted 00:24:50 (8981 turns).

FishmanTm the Nimble (Merfolk Transmuter)           Turns: 8981, Time: 00:24:50

Health: -4/85      AC:  6    Str: 21    XL:     10   Next: 53%
Magic:  5/13       EV:  2    Int: 22    God:    Cheibriados [****..]
Gold:   513        SH:  0    Dex: 25    Spells: 3 memorised, 4 levels left

rFire  + . .     SeeInvis .       - Unarmed
rCold  + . .     Clarity  .     B - +2 robe {rC+ rF+}
rNeg   . . .     SustAt   +     (no shield)
rPois  .         Gourm    .     j - +0 helmet
rElec  .         Spirit   .     (no cloak)
rCorr  .         Warding  .     A - +0 pair of gloves
rMut   .         Stasis   .     (no boots)
MR     .....                    (no amulet)
Stlth  ++++......               (no ring)
                                t - ring of sustain attributes

@: paralysed, very slow, not resistant to hostile enchantments, stealthy
A: change form in water, swift swim
a: Bend Time, Temporal Distortion, Slouch, Renounce Religion


You were on level 8 of the Dungeon.
You worshipped Cheibriados.
Cheibriados was greatly pleased with you.
You were hungry.

You visited 2 branches of the dungeon, and saw 9 of its levels.

You collected 582 gold pieces.
You spent 69 gold pieces at shops.

Inventory:

Missiles
 a - 123 arrows
 u - 3 arrows of dispersal
 C - 21 arrows of frost
Armour
 j - a +0 helmet (worn)
 A - a +0 pair of gloves (worn)
 B - a +2 robe of resistance (worn)
Jewellery
 t - a ring of sustain attributes (left hand)
Wands
 E - a wand of draining (7)
Scrolls
 b - 3 scrolls of remove curse
 e - a scroll of immolation {unknown}
 f - a scroll of magic mapping
 l - 2 scrolls of fear
 p - 3 scrolls of recharging
 q - 2 scrolls of teleportation
 r - 3 scrolls of amnesia
 v - a scroll of fog
 y - a scroll of enchant weapon {unknown}
Potions
 h - 2 potions of heal wounds
 i - 3 potions of might
 k - a potion of invisibility
 n - 4 potions of curing
 w - a potion of agility {unknown}
 x - a potion of lignification {unknown}
 z - a potion of brilliance {unknown}
Books
 c - a book of Changes

   Spells                             Type                      Level
   a - Beastly Appendage              Transmutation                1
   b - Sticks to Snakes               Transmutation                2
   c - Spider Form                    Transmutation/Poison         3
   d - Ice Form                       Ice/Transmutation            4
   e - Blade Hands                    Transmutation                5
Comestibles
 d - 9 bread rations
 g - 4 meat rations
 m - 8 beef jerkies
 o - 2 slices of pizza


   Skills:
 - Level 9.9 Fighting
 - Level 10.0 Dodging
 - Level 5.2 Stealth
 - Level 9.1 Unarmed Combat
 - Level 2.0 Spellcasting
 - Level 5.6 Transmutations
 + Level 1.3 Invocations


You had 4 spell levels left.
You knew the following spells:

 Your Spells              Type           Power        Failure   Level  Hunger
a - Ice Form              Ice/Trmt       ##......     50%         4    #####..
b - Sticks to Snakes      Trmt           ####....     1%          2    ##.....
c - Spider Form           Trmt/Pois      ##........   14%         3    ###....


Dungeon Overview and Level Annotations

Branches:
Dungeon (8/15)             Temple (1/1) D:6
   Lair: D:8-11

Altars:
Ashenzari
Cheibriados
Dithmenos
Elyvilon
Fedhas
Gozag
Kikubaaqudgha
Makhleb
Nemelex Xobeh
Okawaru
Qazlal
Ru
Sif Muna
Trog
Vehumet
Xom
Yredelemnul
Zin
The Shining One

Shops:
D:4 :***

Annotations:
D:8 Erolcha


Message History

The puff of flame hits your ball python.
Your ball python dies!
Erolcha gestures at you while chanting.
Helpless, you fail to dodge the puff of flame.
The two-headed ogre hits you with a dire flail of protection.
The two-headed ogre barely misses you.
Erolcha points at you and mumbles some strange words.
Helpless, you fail to dodge the puff of flame.
The two-headed ogre hits you with a dire flail of protection!!
* * * LOW HITPOINT WARNING * * *
The two-headed ogre hits you with a giant club!
* * * LOW HITPOINT WARNING * * *
Your transformation has ended.
Your +0 helmet unmelds from your body.
Your +0 pair of gloves unmelds from your body.
Your +2 robe of resistance unmelds from your body.
You feel resistant to extremes of temperature.
The two-headed ogre barely misses you.
The two-headed ogre hits you with a giant club!
You die...

## #.## ... ### #. #.# #.####.#
#.# ..###..####.#### ##..#.##
#.##.....##......... ###...##
#.#.....# #....####.
.#.....#######......# #..#..####
............##......# #..##..# #
......#####.........####.. ##.###
#...#.# #####SS..O......###....
#.....# ##@#.....##...#....
#.....## ##O#....# ###...##.
....#..# #......## ##...#.
..###..### ........# ###......
.####....###.........####........
..##.<.)..........#..>....###....
#..................#...#### #....
##...#.....#.......#..## ####....
...####...## ..........###..)....


You could see Erolcha, a two-headed ogre, a friendly adder and a friendly ball
python.

Vanquished Creatures
  Pikel (D:8)
  2 hippogriffs
  Edmund (D:4)
  4 ice beasts
  2 orc warriors
  2 centaurs
  3 ogres
  A black bear (D:8)
  13 big kobolds (D:8)
  2 gnoll sergeants
  A giant frog (D:6)
  A wyvern zombie (D:8)
  3 scorpions
  A water moccasin skeleton (D:7)
  A jelly (D:6)
  3 wights (D:8)
  3 crimson imps
  3 hounds
  A giant frog skeleton (D:5)
  4 orc priests
  2 iguanas
  7 orc wizards
  7 worker ants
  A killer bee zombie (D:6)
  9 adders
  6 gnolls (D:7)
  A shadow imp (D:7)
  An adder zombie (D:5)
  2 worms
  42 orcs
  2 ball pythons (D:2)
  9 bats
  2 giant cockroaches (D:3)
  6 goblins
  8 hobgoblins
  11 jackals
  21 kobolds
  4 quokkas
  2 giant geckos
  A giant gecko zombie (D:5)
  5 giant newts
  A jackal zombie (D:7)
  7 rats
  A plant (D:1)
210 creatures vanquished.

Vanquished Creatures (collateral kills)
  A hill giant (D:8)
  Sigmund (D:4)
  3 gnolls (D:8)
  An adder (D:8)
  A giant cockroach (D:8)
7 creatures vanquished.

Vanquished Creatures (others)
  A slave (D:8)
  A quasit (D:8)
  An orc wizard (D:8)
  A worker ant (D:8)
  4 orcs (D:8)
  A quokka (D:8)
9 creatures vanquished.

Grand Total: 226 creatures vanquished

Notes
Turn   | Place    | Note
--------------------------------------------------------------
     0 | D:1      | FishmanTm the Merfolk Transmuter began the quest for the Orb.
     0 | D:1      | Reached XP level 1. HP: 15/15 MP: 3/3
   320 | D:1      | Reached XP level 2. HP: 17/22 MP: 3/5
   369 | D:1      | Learned a level 2 spell: Sticks to Snakes
  1182 | D:2      | Reached XP level 3. HP: 27/29 MP: 4/6
  1187 | D:2      | Learned a level 3 spell: Spider Form
  2036 | D:3      | Reached skill level 4 in Transmutations
  2036 | D:3      | Reached XP level 4. HP: 32/35 MP: 4/7
  2400 | D:3      | Found a radiant altar of Vehumet.
  2503 | D:3      | Reached skill level 5 in Transmutations
  2506 | D:3      | Reached XP level 5. HP: 35/41 MP: 1/8
  3329 | D:4      | Reached XP level 6. HP: 47/47 MP: 6/9
  3479 | D:4      | Reached skill level 5 in Unarmed Combat
  3628 | D:4      | Found Tiang's General Store.
  3640 | D:4      | Found Weakhypn's Assorted Antiques.
  3655 | D:4      | Bought a silvery potion for 22 gold pieces
  3655 | D:4      | Bought a viscous silvery potion for 22 gold pieces
  3655 | D:4      | Bought a scroll labeled KEANIA VETUNYA for 25 gold pieces
  3747 | D:4      | Found Silemn's Book Shoppe.
  3910 | D:4      | Noticed Edmund
  4076 | D:4      | Reached skill level 6 in Unarmed Combat
  4130 | D:4      | Killed Edmund
  4130 | D:4      | Reached XP level 7. HP: 44/52 MP: 7/10
  4154 | D:4      | Noticed Sigmund
  4163 | D:4      | Killed Sigmund
  4163 | D:4      | Reached skill level 7 in Unarmed Combat
  4285 | D:4      | Found Xitu's General Store.
  4319 | D:5      | Entered Level 5 of the Dungeon
  4348 | D:5      | Found a glowing golden altar of the Shining One.
  4543 | D:5      | Reached skill level 8 in Unarmed Combat
  4763 | D:5      | Reached XP level 8. HP: 58/58 MP: 4/11
  5013 | D:5      | Reached skill level 9 in Unarmed Combat
  5340 | D:5      | Reached skill level 5 in Dodging
  5812 | D:6      | Found a staircase to the Ecumenical Temple.
  5819 | Temple   | Entered the Ecumenical Temple
  5915 | Temple   | Became a worshipper of Cheibriados the Contemplative
  5972 | D:6      | Reached skill level 1 in Invocations
  6021 | D:6      | Found a stormy altar of Qazlal.
  6537 | D:6      | Reached * piety under Cheibriados
  6570 | D:6      | Reached XP level 9. HP: 63/63 MP: 8/12
  6969 | D:7      | Found a white marble altar of Elyvilon.
  7199 | D:7      | Reached skill level 10 in Dodging
  7271 | D:7      | Reached ** piety under Cheibriados
  7345 | D:7      | Learned a level 4 spell: Ice Form
  7778 | D:7      | Found a basalt altar of Yredelemnul.
  7905 | D:7      | Reached skill level 5 in Fighting
  8263 | D:8      | Found a shadowy altar of Dithmenos.
  8324 | D:8      | Reached skill level 1 in Stealth
  8366 | D:8      | Noticed Pikel
  8377 | D:8      | Killed Pikel
  8377 | D:8      | Reached XP level 10. HP: 77/79 MP: 6/13
  8381 | D:8      | Found a sparkling altar of Nemelex Xobeh.
  8384 | D:8      | Reached *** piety under Cheibriados
  8404 | D:8      | Noticed a hill giant
  8419 | D:8      | Killed a hill giant
  8419 | D:8      | Reached skill level 5 in Stealth
  8711 | D:8      | Noticed Erolcha
  8847 | D:8      | Reached **** piety under Cheibriados
  8975 | D:8      | Paralysed by Erolcha for 7 turns
  8981 | D:8      | Slain by a two-headed ogre

Vault maps used:
D:1:      matt_arrival_diagonals, serial_forest, infiniplex_forest_lined_3,
          infiniplex_forest_side_room, infiniplex_forest_zigzag_1,
          infiniplex_forest_straight_2, infiniplex_forest_lined_4_way,
          infiniplex_forest_diagonal, infiniplex_forest_lined_2,
          minmay_misc_feat_ornament, hex_medium, st_stairs_7
D:2:      first_bread
D:3:      vehumet_altar_wand_db
D:4:      serial_shops, nicolae_shop_crystal, kennysheep_mini, shop,
          nicolae_shop_behind_doors, sigmund_edmund_badplayer, uniq_sigmund
D:5:      old_standard_altar
D:6:      lemuel_crystal_altar, minmay_temple_entry_statues_fountains,
          dk_noncrumbling_2
D:7:      kennysheep_ying_yang, grunt_ogre_cave
D:8:      overflow_temple_1_default, lemuel_crystal_altar, special_room,
          uniq_pikel, uniq_erolcha
Temple:   circular_temple_12

Action                   |  1- 3 |  4- 6 |  7- 9 | 10-12 || total
-------------------------+-------+-------+-------+-------++-------
Melee: Unarmed           |   138 |   139 |   332 |    99 ||   708
 Cast: Beastly Appendage |    23 |       |       |       ||    23
       Spider Form       |     1 |    17 |    42 |     9 ||    69
       Sticks to Snakes  |     1 |     4 |     8 |     8 ||    21
 Abil: End Transformatio |     1 |     2 |     4 |       ||     7
  Use: Scroll            |     5 |     4 |     7 |     1 ||    17
       Potion            |       |       |     1 |     2 ||     3
 Stab: Sleeping          |       |     1 |     2 |       ||     3
       Distracted        |       |       |     2 |     1 ||     3
  Eat: Chunk             |     4 |    10 |    19 |     2 ||    35
